 Dungeon Crawl Stone Soup version 0.22-a0-346-ga714374 (webtiles) character file.

337 grizmgrazm2 the Magician (level 6, -15/33 HPs)
             Began as a Deep Elf Ice Elementalist on Apr 6, 2018.
             Engulfed by a cloud of steam (18 damage)
             ... on level 3 of the Dungeon.
             The game lasted 00:11:39 (4271 turns).

grizmgrazm2 the Magician (DEIE)                     Turns: 4271, Time: 00:11:40

Health: -15/33     AC:  3    Str:  5    XL:     6   Next: 28%
Magic:  11/16      EV: 13    Int: 22    God:
Gold:   231        SH:  0    Dex: 15    Spells: 9/16 levels left

rFire    . . .     SeeInvis .   g - +0 short sword
rCold    . . .     Gourm    .   (no shield)
rNeg     . . .     Faith    .   a - +0 robe
rPois    .         Spirit   .   (no helmet)
rElec    .         Reflect  .   i - +0 cloak
rCorr    .         Harm     .   (no gloves)
MR       .....                  (no boots)
Stlth    +.........             (no amulet)
HPRegen  0.11/turn              (no ring)
MPRegen  0.15/turn              (no ring)

@: very slow
A: no striking features
a: no special abilities


You were on level 3 of the Dungeon.
You were not hungry.

You visited 1 branch of the dungeon, and saw 3 of its levels.

You collected 231 gold pieces.

Inventory:

Hand Weapons
 g - a +0 short sword (weapon)
Armour
 a - a +0 robe (worn)
 i - a +0 cloak (worn)
 j - a scarf of resistance
Jewellery
 h - an uncursed amulet of the gourmand {unknown}
Wands
 n - a wand of flame (28)
Potions
 b - 4 potions of agility
 e - 3 potions of flight
 f - 5 potions of brilliance {unknown}
 l - 2 potions of curing {unknown}
 o - a potion of haste {unknown}
Comestibles
 c - 4 rations
 d - 3 chunks of flesh


   Skills:
 + Level 0.5 Fighting
 + Level 2.8 Dodging
 + Level 3.4 Stealth
 + Level 5.8 Spellcasting
 + Level 2.1 Conjurations
 + Level 5.5 Ice Magic


You had 9 spell levels left.
You knew the following spells:

 Your Spells              Type           Power        Failure   Level  Hunger
a - Throw Frost           Conj/Ice       ###...       3%          2    None
b - Freeze                Ice            ####         1%          1    None
c - Throw Icicle          Conj/Ice       ###.....     19%         4    ####...


Dungeon Overview and Level Annotations

Branches:
Dungeon (3/15)

Altars:
Cheibriados
Hepliaklqana
Kikubaaqudgha
Trog
Xom


Message History

* * * LOW HITPOINT WARNING * * *
You see here a stone.
You see here 17 bolts.
You enter the shallow water.
Moving in this stuff is going to be slow.
You enter the shallow water.
Moving in this stuff is going to be slow.
Evoke which item? (* to show all) (? for menu, Esc to quit)
Aiming: Throw Flame
Press: ? - help, Shift-Dir - straight line, f - big kobold
Aim: a big kobold The puff of flame hits the big kobold.
The big kobold is lightly wounded.
The big kobold is engulfed in a cloud of scalding steam.
You are engulfed in a cloud of scalding steam.
* * * LOW HITPOINT WARNING * * *
The big kobold is engulfed in a cloud of scalding steam.
You are engulfed in a cloud of scalding steam.
Ouch! That really hurt!
You die...

#.....)....'......'...((g..
#######...)).....#.)...(#.....).)
.......).)#########...(#########)
).........'.......#.))(#......)'.
..........#.......#.().#.......#.
####################('###########
≈≈≈≈≈≈≈≈≈≈≈≈§≈≈≈≈≈≈...)≈≈≈≈≈≈≈≈≈≈
≈≈≈≈≈≈≈≈≈≈≈≈§§§≈§≈.((.)≈≈≈≈≈≈≈≈≈≈
≈≈≈≈≈≈≈≈≈≈≈≈§≈K§@≈≈..)..≈≈≈≈≈≈≈≈≈
.≈≈.≈≈....≈.≈§≈≈§.≈..)..≈≈≈≈≈≈≈.≈
.............§§§§...(........)...
..........................)(.....
##.....####..####.########.##.###
##...## ##.# #.............#
##'## #.# ######.###.##.#
####.### #.# #.###.##.# .......#
#.# #........#


You could see a big kobold.

Vanquished Creatures
  2 big kobolds (D:3)
  Jessica (D:2)
  5 gnolls (D:3)
  A river rat (D:3)
  An ooze (D:2)
  5 worms
  3 dart slugs
  2 leopard geckos
  An orc (D:3)
  3 ball pythons (D:3)
  8 giant cockroaches
  21 goblins
  12 hobgoblins
  3 bats
  4 frilled lizards
  11 kobolds
  6 rats
89 creatures vanquished.

Notes
Turn   | Place    | Note
-------+----------+-------------------------------------------
     0 | D:1      | grizmgrazm2 the Deep Elf Ice Elementalist began the quest for the Orb.
     0 | D:1      | Reached XP level 1. HP: 10/10 MP: 6/6
   702 | D:1      | Reached XP level 2. HP: 12/15 MP: 5/8
   706 | D:1      | Learned a level 2 spell: Throw Frost
  1049 | D:2      | Found a shimmering altar of Xom.
  1050 | D:2      | Noticed Jessica
  1255 | D:2      | Reached XP level 3. HP: 18/20 MP: 6/9
  1273 | D:2      | Killed Jessica
  1710 | D:2      | Found an ancient bone altar of Kikubaaqudgha.
  1805 | D:2      | Noticed a moth of wrath
  1808 | D:2      | Found a bloodstained altar of Trog.
  1841 | D:2      | Reached XP level 4. HP: 17/24 MP: 3/11
  2508 | D:3      | Found a snail-covered altar of Cheibriados.
  2510 | D:3      | Found a hazy altar of Hepliaklqana.
  2868 | D:3      | Learned a level 4 spell: Throw Icicle
  3445 | D:3      | Reached XP level 5. HP: 28/28 MP: 2/13
  3882 | D:3      | Reached skill level 5 in Spellcasting
  3882 | D:3      | Reached skill level 5 in Ice Magic
  4069 | D:3      | Reached XP level 6. HP: 30/33 MP: 1/16
  4271 | D:3      | Engulfed by a cloud of steam

Vault maps used:
D:1:      dpeg_arrival_boxes_within_box
D:2:      old_standard_altar, marbit_many_paths, tgw_trog, first_ration,
          uniq_jessica
D:3:      minmay_goblin_kobold_castle, overflow_temple_1_default,
          cheibriados_altar_1, portal_sewer_entry_b, supply_closet_lemuel

Skill      XL: |  1  2  3  4  5 |
---------------+----------------+-----
Ice Magic      | 4 5 |  5.5
Spellcasting   | 4 5 |  5.8
Stealth        | 3 |  3.4
Conjurations   | 2 |  2.1
Fighting       | |  0.5
Dodging        | |  2.8

Action                   |  1- 3 |  4- 6 || total
-------------------------+-------+-------++-------
Melee: Short sword       |     3 |     3 ||     6
 Cast: Freeze            |    20 |    41 ||    61
       Throw Frost       |    24 |    80 ||   104
       Throw Icicle      |       |     1 ||     1
Evoke: Wand              |       |     2 ||     2
  Use: Scroll            |     6 |       ||     6
 Stab: Sleeping          |     1 |     1 ||     2
  Eat: Chunk             |     3 |     7 ||    10
       Ration            |       |     1 ||     1
Armor: Robe              |     1 |     4 ||     5
Dodge: Dodged            |    11 |    25 ||    36

Table legend:
 A = Spawn XP
 B = Non-spawn XP
 C = Spawn XP percentage of total XP
 D = Spawn monster count
 E = Non-spawn monster count
 F = Spawn count percentage of total count
 G = Total turns spent on level
                    A         B        C        D         E        F      G
               +---------+---------+-------+---------+---------+-------+---------
         Total |       0 |     482 |   0.0 |       0 |      89 |   0.0 |  4271
               +---------+---------+-------+---------+---------+-------+---------
           D:1 |       0 |      13 |   0.0 |       0 |       7 |   0.0 |   798
           D:2 |       0 |      95 |   0.0 |       0 |      24 |   0.0 |  1440
           D:3 |       0 |     374 |   0.0 |       0 |      58 |   0.0 |  2033
               +---------+---------+-------+---------+---------+-------+---------
